Map: Zen LE

Players

ShoWTimE - Winner!

  • Race: Protoss Protoss
  • Spawn Location: 7:00

YoutubeTY (TY)

  • Race: Terran Terran
  • League: Diamond
  • Spawn Location: 1:00

Event: Shopify TSL 5

VOD

Have the link to the VOD?

Description

Time

  • Played on: May 24, 2020, 11:29 a.m.
  • Length: 18:05

All games in this series

Show
View Real Time Build Order
Export as new Build Order

ShoWTimE Protoss - Winner!

Build Orders: 1 Gate Expand, Blink Stalkers, Colossus Rush 

Get SALT Encoding   

  12  0:08  Pylon  
  12  0:13  Probe  
  13  0:26  Gateway  
  13  0:30  Probe (Chrono Boost)  
  14  0:40  Probe (Chrono Boost), Assimilator  
  15  0:45  Probe (Chrono Boost)  
  16  0:57  Probe  
  17  1:09  Probe  
  18  1:13  Cybernetics Core  
  18  1:21  Probe  
  19  1:33  Nexus  
  19  1:36  Probe  
  20  1:42  Pylon  
  20  1:47  Adept (Chrono Boost)  
  20  1:53  Probe  
  23  1:58  Assimilator  
  23  2:05  Probe  
  23  2:07  Stalker (Chrono Boost)  
  24  2:12  Warp Gate  
  26  2:17  Probe  
  27  2:29  Probe  
  28  2:32  Stalker  
  31  2:44  Twilight Council  
  31  2:45  Probe x2 (Chrono Boost)  
  32  2:54  Probe (Chrono Boost)  
  32  2:57  Probe (Chrono Boost)  
  34  2:59  Probe (Chrono Boost)  
  34  3:02  Shield Battery  
  35  3:06  Probe  
  35  3:08  Shield Battery  
  35  3:11  Probe  
  37  3:15  Stalker  
  37  3:18  Probe (Chrono Boost)  
  40  3:23  Probe (Chrono Boost)  
  40  3:24  Blink (Chrono Boost)  
  42  3:35  Probe (Chrono Boost)  
  42  3:36  Probe (Chrono Boost)  
  42  3:39  Pylon  
  42  3:41  Probe (Chrono Boost)  
  42  3:43  Probe (Chrono Boost)  
  44  3:49  Probe  
  44  3:53  Robotics Facility  
  44  3:54  Probe  
  46  3:58  Assimilator  
  46  4:00  Gateway  
  46  4:01  Probe  
  46  4:02  Sentry  
  49  4:06  Probe  
  50  4:14  Probe  
  50  4:15  Pylon  
  51  4:18  Probe  
  51  4:20  Gateway  
  52  4:24  Assimilator  
  52  4:25  Sentry, Pylon  
  54  4:33  Probe  
  54  4:36  Probe  
  56  4:42  Observer, Pylon  
  57  4:51  Robotics Bay, Phoenix  
  57  4:54  Forge  
  57  4:55  Zealot x2  
  61  5:04  Observer, Pylon  
  62  5:15  Sentry  
  62  5:19  Probe x2  
  66  5:32  Probe x2  
  66  5:35  Colossus (Chrono Boost)  
  68  5:36  Pylon  
  68  5:41  Stalker x2  
  78  5:44  Probe, Protoss Ground Weapons Level 1 (Chrono Boost)  
  78  5:49  Probe  
  80  5:54  Observer  
  80  5:56  Nexus  
  79  5:58  Pylon  
  79  6:00  Probe, Pylon  
  80  6:05  Charge  
  80  6:11  Probe  
  80  6:13  Probe, Gateway  
  80  6:15  Colossus (Chrono Boost), Gateway  
  82  6:19  Gateway  
  82  6:21  Pylon  
  82  6:24  Nexus  
  88  6:27  Pylon  
  88  6:29  Probe x2  
  90  6:36  Extended Thermal Lance  
  89  6:41  Probe x2  
  89  6:43  Stalker  
  93  6:48  Stalker  
  93  6:53  Probe x2, Pylon  
  97  6:57  Observer  
  97  6:59  Colossus (Chrono Boost)  
  97  7:01  Pylon  
  97  7:05  Probe  
  97  7:06  Probe  
  105  7:12  Shield Battery  
  105  7:17  Probe  
  105  7:18  Probe  
  107  7:28  Photon Cannon  
  107  7:29  Probe  
  108  7:30  Probe  
  108  7:32  Assimilator  
  108  7:34  Assimilator  
  109  7:38  Stalker x3  
  109  7:40  Probe  
  109  7:42  Probe x2  
  113  7:52  Probe  
  113  7:53  Protoss Ground Armor Level 1 (Chrono Boost)  
  113  7:54  Probe x2  
  114  8:01  Warp Prism (Chrono Boost)  
  114  8:04  Probe  
  117  8:06  Probe x2  
  117  8:12  Templar Archives  
  119  8:16  Probe  
  119  8:17  Pylon  
  119  8:18  Probe  
  121  8:20  Gateway  
  121  8:21  Gateway  
  121  8:24  Shield Battery  
  121  8:25  Zealot  
  121  8:26  Zealot  
  125  8:30  Zealot x2  
  130  8:34  Observer (Chrono Boost)  
  130  8:36  Zealot x2  
  130  8:39  Pylon  
  134  8:48  Pylon  
  134  8:52  Immortal (Chrono Boost)  
  134  8:54  High Templar x4  
  146  8:58  Archon  
  146  8:59  Archon  
  146  9:04  Nexus  
  146  9:10  Pylon  
  146  9:12  Zealot x2  
  146  9:16  Zealot x2  
  152  9:26  Immortal  
  156  9:32  Protoss Ground Weapons Level 2 (Chrono Boost)  
  156  9:33  Zealot x5  
  164  9:45  Zealot x3  
  166  9:57  Probe x2  
  166  9:58  Probe  
  166  9:59  Zealot x5  
  177  10:05  Pylon  
  177  10:07  Pylon  
  177  10:12  Stalker x2  
  181  10:22  Stalker x4  
  189  10:32  Zealot x2  
  193  10:42  Zealot x2  
  191  10:48  High Templar x4  
  199  10:52  Archon  
  199  10:53  Archon  
  199  10:56  Gateway  
  199  11:01  Gateway  
  199  11:02  Gateway  
  199  11:04  Robotics Facility  
  198  11:21  Gateway  
  198  11:22  Gateway  
  165  11:33  Zealot x8  
  165  11:34  Disruptor  
  165  11:36  Protoss Ground Armor Level 2 (Chrono Boost)  
  104  11:54  Zealot x3  
  104  11:55  Zealot x6  
  104  11:56  Probe  
  104  11:57  Probe  
  104  11:58  Probe  
  104  11:59  Zealot  
  104  12:01  Disruptor  
  120  12:05  Forge, Assimilator  
  120  12:09  Assimilator  
  106  12:20  Disruptor (Chrono Boost)  
  106  12:21  Zealot x3  
  106  12:22  Zealot  
  111  12:23  Zealot x6  
  111  12:29  Protoss Ground Weapons Level 3 (Chrono Boost)  
  123  12:32  Probe  
  123  12:33  Probe x2  
  118  12:38  Colossus (Chrono Boost)  
  114  12:45  High Templar x6  
  114  12:46  High Templar  
  114  12:48  High Templar  
  114  12:49  High Templar  
  114  12:50  High Templar  
  130  12:53  Archon x2  
  130  12:54  Archon x2  
  130  12:55  Archon  
  130  13:09  Pylon  
  130  13:11  Robotics Facility  
  130  13:17  Pylon  
  130  13:18  Sentry, High Templar x2  
  130  13:19  Colossus (Chrono Boost), Zealot x2  
  140  13:22  Archon  
  140  13:23  Zealot  
  140  13:25  Zealot, Pylon  
  150  13:40  High Templar  
  150  13:41  High Templar x4  
  158  13:43  Nexus  
  158  13:45  Archon x2  
  158  13:46  Sentry  
  158  13:47  Zealot, Pylon  
  162  13:53  Zealot x3  
  168  14:00  High Templar  
  168  14:02  Zealot  
  172  14:07  Warp Prism (Chrono Boost)  
  172  14:08  Archon  
  174  14:14  Stalker x3  
  178  14:18  Zealot  
  178  14:21  Zealot x2  
  184  14:27  Colossus (Chrono Boost)  
  190  14:37  Zealot x3  
  192  14:56  Zealot x6  
  192  15:01  Stalker  
  188  15:14  Gateway  
  180  15:15  Gateway, Zealot x4  
  180  15:18  Zealot  
  189  15:21  Zealot  
  189  15:25  Zealot  
  193  15:34  Stalker x3  
  186  15:46  Zealot x5  
  188  15:51  High Templar x5  
  188  15:55  Archon x2  
  196  16:00  High Templar  
  196  16:02  Zealot  
  196  16:04  Archon  
  200  16:12  Assimilator  
  200  16:16  Assimilator  
  200  16:19  Dark Shrine  
  190  16:35  Zealot x3  
  190  16:36  Zealot x2  
  196  16:40  Colossus x2 (Chrono Boost)  
  168  16:51  Stalker  
  168  16:52  Stalker x9  
  119  17:09  High Templar x2  
  119  17:10  Zealot x3  
  119  17:14  Archon  
  119  17:23  Zealot x2  
  119  17:24  Zealot x7  
  119  17:28  Zealot  
  139  17:37  Dark Templar x2  
  139  17:40  Zealot  
  145  17:46  Zealot x5  
  153  17:55  Zealot x4  
Show
View Real Time Build Order
Export as new Build Order

YoutubeTY Terran 

Build Orders:  

Get SALT Encoding   

  12  0:00  SCV  
  13  0:13  SCV  
  14  0:17  Supply Depot  
  14  0:25  SCV  
  15  0:39  SCV  
  15  0:40  Barracks  
  16  0:44  Refinery  
  16  0:51  SCV  
  17  0:59  Barracks  
  17  1:03  SCV  
  18  1:15  SCV  
  18  1:16  Supply Depot  
  19  1:29  Orbital Command  
  19  1:31  Reaper  
  20  1:47  Reaper  
  21  1:55  SCV  
  22  2:04  Reaper  
  22  2:07  SCV  
  24  2:16  Command Center  
  24  2:19  SCV  
  24  2:22  Barracks Reactor  
  25  2:32  SCV  
  25  2:38  Barracks Tech Lab  
  25  2:42  Barracks  
  25  2:43  Supply Depot  
  25  2:44  SCV  
  26  2:56  SCV  
  26  2:57  Marauder  
  29  2:59  Marine  
  29  3:00  Marine, Refinery  
  31  3:08  SCV  
  32  3:17  Marine x2  
  34  3:20  SCV, Marauder  
  37  3:29  Orbital Command  
  37  3:31  Marine  
  37  3:33  SCV  
  39  3:35  Marine, Stimpack  
  40  3:42  Marine x2  
  40  3:46  SCV  
  43  3:52  Factory  
  43  3:55  SCV  
  44  3:58  SCV  
  45  4:04  Marine x2  
  45  4:06  Barracks Tech Lab, Supply Depot  
  45  4:07  SCV  
  48  4:10  SCV  
  48  4:14  Marine  
  50  4:18  Engineering Bay  
  50  4:19  SCV  
  50  4:22  SCV  
  52  4:25  Marine  
  52  4:26  Marine  
  52  4:27  Marine  
  55  4:31  SCV  
  55  4:34  SCV, Supply Depot  
  55  4:36  Factory Reactor  
  55  4:38  Starport  
  57  4:40  Marine, Refinery  
  57  4:43  SCV  
  59  4:45  Terran Infantry Weapons Level 1  
  59  4:46  SCV  
  59  4:47  Marine  
  59  4:48  Marine  
  62  4:56  SCV  
  62  4:58  SCV, Supply Depot  
  64  5:03  Supply Depot  
  64  5:04  Marauder  
  64  5:05  Marauder  
  68  5:08  SCV, Marine  
  70  5:19  SCV, Marine  
  70  5:20  SCV  
  70  5:21  Widow Mine x2  
  77  5:23  Supply Depot  
  77  5:24  Medivac  
  79  5:30  Marine x3  
  83  5:42  SCV x2  
  83  5:44  Widow Mine  
  83  5:45  Widow Mine  
  83  5:47  Command Center  
  87  5:52  Supply Depot  
  85  5:57  SCV  
  85  5:58  SCV  
  85  6:01  Marine x2  
  88  6:12  Marauder x2  
  88  6:16  Medivac x2  
  88  6:17  Barracks  
  88  6:18  Refinery  
  96  6:19  Barracks, Factory Reactor  
  96  6:20  SCV x2  
  96  6:21  Supply Depot  
  98  6:28  Supply Depot  
  98  6:37  SCV  
  98  6:39  Terran Infantry Armor Level 1  
  99  6:42  SCV  
  99  6:46  Viking x2  
  104  6:49  Marauder x2  
  104  6:52  Marine x2  
  104  6:53  SCV  
  111  6:56  Missile Turret  
  111  6:59  Orbital Command  
  111  7:06  SCV x2  
  112  7:09  Barracks Tech Lab  
  112  7:10  Combat Shield  
  112  7:15  Supply Depot  
  112  7:16  Viking x2  
  112  7:18  SCV  
  116  7:23  SCV  
  116  7:25  Marine x2  
  116  7:28  SCV  
  120  7:31  SCV  
  120  7:35  SCV  
  120  7:36  Engineering Bay  
  120  7:37  Armory, Marine x2  
  122  7:40  SCV  
  122  7:43  SCV  
  126  7:47  SCV  
  126  7:48  Viking  
  126  7:49  Viking  
  131  7:52  SCV  
  131  7:53  Marauder x3  
  131  7:55  SCV  
  131  7:56  Refinery  
  131  7:58  Refinery  
  130  7:59  Supply Depot  
  130  8:00  SCV  
  130  8:04  Marine x3, Ghost Academy  
  134  8:06  Marine  
  134  8:11  SCV x2  
  134  8:12  Supply Depot  
  138  8:14  Marine  
  139  8:20  Viking x2  
  139  8:24  Terran Infantry Weapons Level 2  
  142  8:33  Terran Infantry Armor Level 2  
  142  8:34  Supply Depot  
  142  8:35  Ghost x2, Supply Depot  
  142  8:37  Marine x4  
  151  8:43  Ghost  
  151  8:47  Supply Depot  
  151  8:48  Supply Depot  
  152  8:49  Supply Depot  
  152  8:54  Viking x2  
  156  8:57  Marine x3  
  156  8:59  Marine  
  160  9:03  Supply Depot x2  
  160  9:15  Missile Turret  
  160  9:20  Marine x4, Marauder x3  
  170  9:24  Medivac x2  
  174  9:37  Missile Turret  
  174  9:38  Marine x2  
  175  9:42  Command Center  
  175  9:43  Concussive Shells  
  175  9:45  Marine x2  
  174  9:47  SCV x2  
  171  9:53  Missile Turret  
  171  9:54  Medivac x2  
  175  10:03  Marine x2  
  175  10:04  Marine x3, Marauder x2  
  184  10:07  Sensor Tower  
  184  10:13  Barracks  
  184  10:14  Barracks  
  184  10:15  SCV x3, Barracks  
  170  10:21  Marine x3  
  170  10:22  Marine  
  173  10:32  Viking x2  
  174  10:41  Marine x3, Marauder x3  
  178  10:49  Marine  
  179  10:55  Planetary Fortress  
  176  11:02  Viking x2  
  180  11:08  Marauder  
  180  11:09  Marine x6, Barracks Tech Lab, Marauder x2  
  182  11:27  Marine  
  182  11:30  Marine x3  
  182  11:31  Marine x2  
  162  11:33  Marine x2  
  162  11:34  Marine x2  
  162  11:39  Medivac  
  132  11:44  Marine  
  104  11:47  SCV x2, Marine  
  104  11:48  Marine x2  
  104  11:49  Marine x2  
  104  11:52  Marine x2, Marauder x2  
  94  12:02  Marine  
  94  12:05  Marine, Terran Infantry Weapons Level 3  
  94  12:06  Marine x2  
  94  12:07  Marine x2  
  100  12:10  Marauder x2  
  100  12:13  Marine x2  
  97  12:20  Marine  
  98  12:23  Terran Infantry Armor Level 3, Marine x3  
  99  12:35  Marine  
  99  12:36  Marine, Marauder x3  
  101  12:37  SCV  
  101  12:38  SCV, Marine  
  101  12:39  SCV  
  101  12:41  Marine  
  101  12:49  Viking  
  101  12:50  SCV x2  
  102  12:51  SCV  
  102  12:53  Viking  
  102  12:58  Barracks Tech Lab, Barracks Reactor  
  105  13:01  Ghost x2  
  105  13:04  Ghost  
  111  13:08  Ghost  
  111  13:11  SCV x2  
  115  13:13  SCV  
  115  13:14  SCV  
  117  13:26  Marauder  
  119  13:27  Marine x4  
  119  13:30  Marauder  
  119  13:34  Marauder  
  127  13:37  Marauder  
  127  13:39  Marine x2  
  127  13:41  Barracks Tech Lab  
  131  13:43  Medivac x2  
  131  13:44  SCV x4  
  131  13:45  Marine  
  139  13:49  Missile Turret  
  139  13:53  Marine  
  139  13:54  Marine x2  
  139  13:55  Marine, Marauder x2  
  147  14:03  Marauder  
  147  14:04  Marine x3, Marauder  
  154  14:11  Marine x2  
  154  14:16  Medivac, Marine x2, Marauder x2  
  154  14:17  Medivac  
  165  14:21  Marine  
  166  14:27  Marine x2  
  166  14:31  Marine x2, Orbital Command, Marauder x2  
  169  14:34  SCV x2  
  175  14:43  Marine, Marauder x3  
  183  14:53  Marauder x2  
  185  15:04  Marine  
  185  15:05  Marine x2, Marauder x2  
  185  15:06  Viking x2  
  189  15:10  Marine x3  
  189  15:11  Marine  
  189  15:13  Marine  
  172  15:44  Marine x3, Marauder  
  172  15:45  Marine x3  
  172  15:48  Viking  
  174  15:58  Ghost  
  174  15:59  Ghost x3  
  175  16:14  Marine x5  
  180  16:25  Marine  
  180  16:26  Marine  
  180  16:28  Marine  
  171  16:34  Marine  
  171  16:38  Marine  
  171  16:39  Marine  
  172  16:40  Marine  
  172  16:41  Marauder, Supply Depot x2  
  172  16:42  Marauder x2  
  172  16:44  Marauder  
  172  16:46  Marauder  
  146  16:53  Marine x3  
  106  16:58  Marine x3  
  103  17:01  Orbital Command  
  103  17:02  Marine x2  
  103  17:03  Marine  
  103  17:05  Marine  
  103  17:07  Marine  
  105  17:12  Marine x2  
  105  17:13  Marine, Orbital Command  
  103  17:18  Marine x2  
  103  17:21  Marauder x3  
  111  17:24  Marine x2  
  113  17:33  Marine x2  
  114  17:38  Marine x2  
  114  17:43  Marine  
  114  17:44  Marine  
Tags
 
Composition
Blink Stalkers
League
Diamond
Matchup
PvT
Spawn Locations
Cross Positions
Add a new tag
Caveats
  • Supply blocks, unpowered buildings, or Contaminate may cause inaccurate times.
  • Supply counts are checked every 10 seconds.